[Event "XVII MetLife Najdorf Open 2017"]
[Site "Warsaw"]
[Date "2017.07.11"]
[Round "3.40"]
[White "Aditya Mittal"]
[Black "Kaczmarek, Aleksander"]
[Result "1/2-1/2"]
[ECO "A43"]
[WhiteElo "2203"]
[BlackElo "2380"]
[Annotator "ChessBase"]
[PlyCount "110"]
[EventDate "2017.??.??"]
[EventType "swiss"]
[EventCountry "POL"]
[SourceTitle "playchess.com"]
[Source "ChessBase"]
[SourceQuality "1"]
[TimeControl "40/5400+30:1800+30"]

1. d4 c5 2. d5 e6 3. c4 exd5 4. cxd5 d6 5. Nc3 g6 6. e4 a6 7. a4 Bg7 8. Be2 Ne7 9. Nf3 O-O 10. O-O Bg4 11. Bf4 Nc8 12. Nd2 Bxe2 13. Qxe2 Nd7 14. Nc4 Ndb6 15. Nxb6 Qxb6 16. a5 Qc7 17. Qd2 Re8 18. Bh6 Bd4 19. Ne2 Rxe4 20. Nxd4 Rxd4 21. Rfe1 Ne7 22. Qe2 Re8 23. Ra3 Rxd5 24. f4 c4 25. Re3 Qc5 26. Kh1 Qxa5 27. Rxe7 Qxe1+ 28. Qxe1 Rxe7 29. Qc1 b5 30. h3 f6 31. Qa1 Rh5 32. Qxa6 Rxh6 33. Qxb5 Rh5 34. Qxc4+ Kg7 35. Qc6 d5 36. Qc5 Rb7 37. Qd4 Re7 38. b4 Re4 39. Qa7+ Kf8 40. b5 d4 41. b6 Rb5 42. Qd7 Re1+ 43. Kh2 Reb1 44. Qxd4 Rxb6 45. Qd8+ Kg7 46. Qe7+ Kg8 47. h4 R1b5 48. g3 Rb2+ 49. Kh3 R2b5 50. Qe8+ Kg7 51. Qd7+ Kg8 52. Qe7 h5 53. Qe8+ Kg7 54. f5 gxf5 55. Qe7+ Kg8 1/2-1/2

[Event "XVII MetLife Najdorf Open 2017"]
[Site "Warsaw"]
[Date "2017.07.11"]
[Round "3.41"]
[White "Raja Harshit"]
[Black "Adamski, Jan"]
[Result "1-0"]
[ECO "B28"]
[WhiteElo "2377"]
[BlackElo "2250"]
[Annotator "ChessBase"]
[PlyCount "57"]
[EventDate "2017.??.??"]
[EventType "swiss"]
[EventCountry "POL"]
[SourceTitle "playchess.com"]
[Source "ChessBase"]
[SourceQuality "1"]
[TimeControl "40/5400+30:1800+30"]

1. e4 c5 2. Nf3 a6 3. c3 g6 4. d4 cxd4 5. cxd4 d5 6. exd5 Nf6 7. Nc3 Bg7 8. Qb3 O-O 9. Be2 Nbd7 10. Ne5 Nb6 11. Bf3 a5 12. O-O a4 13. Qb5 Ne8 14. Bf4 Nd6 15. Qb4 Re8 16. Rac1 Bf8 17. Nb5 e6 18. Nxg6 hxg6 19. Bxd6 Nxd5 20. Bxd5 exd5 21. Bxf8 Rxf8 22. Nc7 Ra7 23. Rfe1 b5 24. Qc5 Rb7 25. Nxd5 Be6 26. Nb4 Rd7 27. Rcd1 Bd5 28. Qxb5 a3 29. bxa3 1-0

[Event "XVII MetLife Najdorf Open 2017"]
[Site "Warsaw"]
[Date "2017.07.11"]
[Round "3.42"]
[White "Zylka, Stanislaw"]
[Black "Karwowski, Kacper"]
[Result "1-0"]
[ECO "E18"]
[WhiteElo "2368"]
[BlackElo "2221"]
[Annotator "NA"]
[PlyCount "61"]
[EventDate "2017.??.??"]
[EventType "swiss"]
[EventCountry "POL"]
[SourceTitle "playchess.com"]
[Source "ChessBase"]
[SourceQuality "1"]
[TimeControl "40/5400+30:1800+30"]

1. d4 Nf6 2. Nf3 e6 3. g3 b6 4. Bg2 Bb7 5. O-O Be7 6. c4 O-O 7. Nc3 Ne4 8. Bd2 Bf6 9. Be1 d5 10. Qc2 Nxc3 11. Bxc3 dxc4 12. Ng5 Bxg5 13. Bxb7 Nd7 14. Bxa8 Qxa8 15. Bb4 c5 16. dxc5 bxc5 17. Bd2 Bf6 18. Bc3 Ne5 19. Rab1 Rb8 20. Bxe5 Bxe5 21. Qxc4 Rxb2 22. Rxb2 Bxb2 23. Rb1 Bf6 24. Qxc5 h6 25. Qc7 Qe4 26. Rb7 Qg6 27. Qc6 Bd4 28. Qe8+ Kh7 29. Qxf7 Qe4 30. Qf3 Qe5 31. Kg2 1-0

[Event "XVII MetLife Najdorf Open 2017"]
[Site "Warsaw"]
[Date "2017.07.11"]
[Round "3.43"]
[White "Pranav Vijay"]
[Black "Omar, Noaman"]
[Result "1/2-1/2"]
[ECO "B14"]
[WhiteElo "2265"]
[BlackElo "2354"]
[Annotator "ChessBase"]
[PlyCount "97"]
[EventDate "2017.??.??"]
[EventType "swiss"]
[EventCountry "POL"]
[SourceTitle "playchess.com"]
[Source "ChessBase"]
[SourceQuality "1"]
[TimeControl "40/5400+30:1800+30"]

1. e4 c6 2. d4 d5 3. exd5 cxd5 4. c4 Nf6 5. Nc3 g6 6. Bg5 Ne4 7. Bf4 Nxc3 8. bxc3 Bg7 9. Nf3 O-O 10. Bd3 dxc4 11. Bxc4 Nc6 12. O-O Na5 13. Bb3 b6 14. Re1 Bb7 15. Bg5 Re8 16. Ba4 Bc6 17. Bxc6 Nxc6 18. Qd3 Qd6 19. Re2 e6 20. Rd1 Rac8 21. Nd2 f5 22. h3 h6 23. Bh4 Qd5 24. f4 Nxd4 25. cxd4 Bxd4+ 26. Kf1 Rc3 27. Nf3 Rxd3 28. Rxd3 g5 29. Rxd4 Qc5 30. Bf2 gxf4 31. Ne5 Qb5 32. a4 Qa6 33. Bh4 b5 34. Rd7 Rf8 35. Bf2 bxa4 36. Bd4 Qb5 37. Nc6 Rc8 38. Ne7+ Kf7 39. Rxa7 Rc2 40. Nd5+ Kf8 41. Ra8+ Kf7 42. Ra7+ Kf8 43. Ra8+ Kf7 44. Ra7+ Kf8 45. Ra8+ Kf7 46. Ra7+ Kf8 47. Ra8+ Kf7 48. Ra7+ Kf8 49. Ra8+ 1/2-1/2

[Event "XVII MetLife Najdorf Open 2017"]
[Site "Warsaw"]
[Date "2017.07.11"]
[Round "3.44"]
[White "Spitzl, Vinzent"]
[Black "Dmochowska, Agnieszka"]
[Result "1-0"]
[ECO "C02"]
[WhiteElo "2348"]
[BlackElo "2202"]
[Annotator "ChessBase"]
[PlyCount "109"]
[EventDate "2017.??.??"]
[EventType "swiss"]
[EventCountry "POL"]
[SourceTitle "playchess.com"]
[Source "ChessBase"]
[SourceQuality "1"]
[TimeControl "40/5400+30:1800+30"]

1. e4 e6 2. d4 d5 3. e5 c5 4. c3 Nc6 5. Nf3 Bd7 6. Be2 Nge7 7. Na3 cxd4 8. cxd4 Qa5+ 9. Bd2 Qb6 10. Bc3 Ng6 11. Qd2 Be7 12. h4 O-O 13. h5 Nh8 14. h6 g6 15. Nc2 f6 16. exf6 Bxf6 17. Ne3 Nf7 18. Ng4 Bh8 19. Qe3 e5 20. Ngxe5 Nfxe5 21. dxe5 Qxe3 22. fxe3 Rae8 23. O-O-O Be6 24. Bb5 a6 25. Ba4 Bg4 26. Bb3 Bxf3 27. gxf3 Bxe5 28. Rxd5 Bxc3 29. bxc3 Kh8 30. Rd7 Rxe3 31. Rxb7 Rxc3+ 32. Kb2 Rcxf3 33. Rc1 Na5 34. Ra7 Rh3 35. Bd5 Rb8+ 36. Ka1 Rd3 37. Ra8 Rxa8 38. Bxa8 Rd8 39. Be4 Kg8 40. Rc5 Re8 41. Bd5+ Kf8 42. Rxa5 Re5 43. Kb2 Ke7 44. Kc3 Rh5 45. Kd4 Rxh6 46. Rxa6 Rh4+ 47. Ke3 g5 48. a4 Rh3+ 49. Ke4 h5 50. a5 Ra3 51. Ke5 Re3+ 52. Be4 h4 53. Ra7+ Ke8 54. a6 Ra3 55. Bc6+ 1-0

[Event "XVII MetLife Najdorf Open 2017"]
[Site "Warsaw"]
[Date "2017.07.11"]
[Round "3.45"]
[White "Baasansuren, Erdene"]
[Black "Lagunow, Raphael"]
[Result "0-1"]
[ECO "E09"]
[WhiteElo "2128"]
[BlackElo "2348"]
[Annotator "ChessBase"]
[PlyCount "80"]
[EventDate "2017.??.??"]
[EventType "swiss"]
[EventCountry "POL"]
[SourceTitle "playchess.com"]
[Source "ChessBase"]
[SourceQuality "1"]
[TimeControl "40/5400+30:1800+30"]

1. d4 d5 2. c4 c6 3. Nf3 Nf6 4. Qc2 e6 5. g3 Be7 6. Bg2 O-O 7. O-O Nbd7 8. Nbd2 b6 9. e4 Bb7 10. e5 Ne8 11. cxd5 cxd5 12. Re1 Rc8 13. Qa4 Nc7 14. Bf1 a5 15. Bd3 Ba6 16. Bb1 Nb8 17. Nf1 Nb5 18. Qd1 Nc6 19. h4 f5 20. exf6 Bxf6 21. Rxe6 Nbxd4 22. Ng5 h6 23. Qh5 Ne5 24. Rxe5 Bxe5 25. Bh7+ Kh8 26. Be3 Qf6 27. Bg6 Be2 28. g4 Bxg4 29. Nf7+ Qxf7 30. Qxg4 Qf3 31. Qg2 Ne2+ 32. Kh1 Qxg2+ 33. Kxg2 Nf4+ 34. Bxf4 Rxf4 35. h5 Rcf8 36. Ne3 Rxf2+ 37. Kh1 Bd4 38. Nxd5 R8f3 39. Re1 Rh3+ 40. Kg1 Rd2+ 0-1

[Event "XVII MetLife Najdorf Open 2017"]
[Site "Warsaw"]
[Date "2017.07.11"]
[Round "3.46"]
[White "Ghadiri, Radmehr"]
[Black "Martin, Julian"]
[Result "0-1"]
[ECO "A50"]
[WhiteElo "2125"]
[BlackElo "2332"]
[Annotator "ChessBase"]
[PlyCount "70"]
[EventDate "2017.??.??"]
[EventType "swiss"]
[EventCountry "POL"]
[SourceTitle "playchess.com"]
[Source "ChessBase"]
[SourceQuality "1"]
[TimeControl "40/5400+30:1800+30"]

1. d4 Nf6 2. c4 b6 3. Nc3 Bb7 4. Qc2 d5 5. cxd5 Nxd5 6. e4 Nxc3 7. bxc3 e5 8. d5 Bc5 9. Bd3 Nd7 10. Ne2 Qe7 11. c4 h5 12. Bb2 Qg5 13. g3 h4 14. f4 Qh6 15. O-O-O O-O-O 16. Qd2 f6 17. Rhf1 Rdf8 18. Kb1 Qg6 19. fxe5 fxe5 20. Rf5 hxg3 21. Nxg3 Rxf5 22. exf5 Qg4 23. Re1 Ba6 24. Ne4 Qh4 25. Re2 Bg1 26. c5 Bxd3+ 27. Qxd3 Bxc5 28. Nxc5 Nxc5 29. Qg3 Qa4 30. Re1 e4 31. h4 Nd3 32. Qxg7 Rxh4 33. Qg3 Qb4 34. Qg8+ Kb7 35. Re2 Rh1+ 0-1

[Event "XVII MetLife Najdorf Open 2017"]
[Site "Warsaw"]
[Date "2017.07.11"]
[Round "3.47"]
[White "Paszewski, Mateusz"]
[Black "Jeet, Jain"]
[Result "0-1"]
[ECO "C50"]
[WhiteElo "2323"]
[BlackElo "2191"]
[Annotator "ChessBase"]
[PlyCount "68"]
[EventDate "2017.??.??"]
[EventType "swiss"]
[EventCountry "POL"]
[SourceTitle "playchess.com"]
[Source "ChessBase"]
[SourceQuality "1"]
[TimeControl "40/5400+30:1800+30"]

1. e4 e5 2. Nf3 Nc6 3. Bc4 Bc5 4. O-O Nf6 5. d3 d6 6. c3 a6 7. a4 O-O 8. h3 h6 9. Re1 Ba7 10. Nbd2 Ne7 11. d4 Ng6 12. Bd3 Re8 13. Bc2 Be6 14. Nf1 Qc8 15. Ng3 b5 16. Be3 c5 17. axb5 axb5 18. Qd2 Kh7 19. Nf5 Bxf5 20. exf5 Nf8 21. dxe5 dxe5 22. Nh2 e4 23. Ng4 N8d7 24. Qe2 Qb7 25. Nxf6+ Nxf6 26. g4 c4 27. Bxa7 Rxa7 28. Rxa7 Qxa7 29. h4 h5 30. g5 Ng4 31. Kg2 Qc7 32. Rh1 Qf4 33. Rh3 Rd8 34. Re3 Qh2+ 0-1

[Event "XVII MetLife Najdorf Open 2017"]
[Site "Warsaw"]
[Date "2017.07.11"]
[Round "3.49"]
[White "Michalczak, Thomas"]
[Black "Tomczak, Mikolaj"]
[Result "0-1"]
[ECO "C18"]
[WhiteElo "2239"]
[BlackElo "2395"]
[Annotator "ChessBase"]
[PlyCount "90"]
[EventDate "2017.??.??"]
[EventType "swiss"]
[EventCountry "POL"]
[SourceTitle "playchess.com"]
[Source "ChessBase"]
[SourceQuality "1"]
[TimeControl "40/5400+30:1800+30"]

1. e4 e6 2. d4 d5 3. Nc3 Bb4 4. e5 c5 5. a3 Bxc3+ 6. bxc3 Qc7 7. Qg4 f5 8. Qg3 cxd4 9. cxd4 Ne7 10. Ne2 O-O 11. c3 b6 12. Nf4 Qd7 13. a4 Ba6 14. Bb5 Nec6 15. h4 Bxb5 16. axb5 Na5 17. h5 Qf7 18. h6 g6 19. Ba3 Rc8 20. Bb4 Nc4 21. Qg5 a5 22. g4 fxg4 23. Qxg4 Nd7 24. Ba3 Ndxe5 25. dxe5 Nxe5 26. Qxe6 Nd3+ 27. Kd2 Nxf4 28. Qxf7+ Kxf7 29. Bd6 Ne6 30. Rae1 Ng5 31. Re7+ Kf6 32. f3 d4 33. c4 Rxc4 34. f4 Nf7 35. Rhe1 Rac8 36. R1e6+ Kf5 37. Be5 Nxe5 38. Rxe5+ Kxf4 39. Re4+ Kf3 40. R4e6 R8c7 41. Rg7 Kf4 42. Re8 a4 43. Rh8 a3 44. Rgxh7 Rxh7 45. Rxh7 Kg5 0-1

[Event "XVII MetLife Najdorf Open 2017"]
[Site "Warsaw"]
[Date "2017.07.11"]
[Round "3.50"]
[White "Sahil, Tickoo"]
[Black "Nowak, Kamil"]
[Result "1/2-1/2"]
[ECO "D00"]
[WhiteElo "2234"]
[BlackElo "2362"]
[Annotator "ChessBase"]
[PlyCount "87"]
[EventDate "2017.??.??"]
[EventType "swiss"]
[EventCountry "POL"]
[SourceTitle "playchess.com"]
[Source "ChessBase"]
[SourceQuality "1"]
[TimeControl "40/5400+30:1800+30"]

1. d4 d5 2. Bf4 Nf6 3. e3 c5 4. c3 Nc6 5. Nd2 Bf5 6. Qb3 Qd7 7. Ngf3 e6 8. Ne5 Qc8 9. Bb5 Nd7 10. Qa4 Ncxe5 11. Bxe5 f6 12. Bg3 a6 13. Be2 b5 14. Qd1 Be7 15. a4 O-O 16. axb5 axb5 17. Rxa8 Qxa8 18. Bxb5 Qb7 19. Qe2 c4 20. e4 Bg6 21. Bxd7 Qxd7 22. O-O Ra8 23. Re1 Bf8 24. exd5 exd5 25. Bf4 Ra2 26. Nf3 Bd3 27. Qe8 Qxe8 28. Rxe8 Rxb2 29. Re1 g5 30. Be3 Rb3 31. Bd2 Ba3 32. h4 h6 33. Nh2 Rb2 34. Bc1 Rb1 35. Bd2 Rb2 36. Bc1 Rb1 37. Bd2 Rxe1+ 38. Bxe1 Bc1 39. Ng4 Kg7 40. hxg5 hxg5 41. Ne3 Be4 42. Nf1 Kf7 43. Bd2 Ba3 44. f3 1/2-1/2

[Event "XVII MetLife Najdorf Open 2017"]
[Site "Warsaw"]
[Date "2017.07.11"]
[Round "3.51"]
[White "Bartel, Michal"]
[Black "Reza, Wojciech"]
[Result "1-0"]
[ECO "C70"]
[WhiteElo "2343"]
[BlackElo "2258"]
[Annotator "ChessBase"]
[PlyCount "95"]
[EventDate "2017.??.??"]
[EventType "swiss"]
[EventCountry "POL"]
[SourceTitle "playchess.com"]
[Source "ChessBase"]
[SourceQuality "1"]
[TimeControl "40/5400+30:1800+30"]

1. e4 e5 2. Nf3 Nc6 3. Bb5 a6 4. Ba4 Nge7 5. c3 g6 6. d4 exd4 7. cxd4 b5 8. Bb3 Bg7 9. d5 Na5 10. Bd2 Nxb3 11. Qxb3 d6 12. Bc3 O-O 13. O-O c5 14. dxc6 Be6 15. Qa3 Bxc3 16. Qxc3 Rc8 17. Nd4 Qb6 18. Nxe6 fxe6 19. Qh3 Rf6 20. Nc3 b4 21. e5 Rf7 22. Ne4 Nf5 23. Ng5 Re7 24. exd6 Nxd6 25. Rae1 Qxc6 26. Rxe6 Rce8 27. Rfe1 Qd5 28. Qb3 Qxb3 29. axb3 Rxe6 30. Rxe6 Rxe6 31. Nxe6 Nb7 32. Kf1 Kf7 33. Ng5+ Ke7 34. Ne4 Ke6 35. Ke2 Kd5 36. Kd3 h6 37. Nf6+ Ke6 38. Ng4 h5 39. Ne3 Na5 40. Nc2 Nxb3 41. Nd4+ Nxd4 42. Kxd4 a5 43. Kc4 h4 44. Kb5 Kd5 45. Kxa5 Kc4 46. Ka4 g5 47. h3 b3 48. Ka3 1-0

[Event "XVII MetLife Najdorf Open 2017"]
[Site "Warsaw"]
[Date "2017.07.11"]
[Round "3.52"]
[White "Pacan-Milej, Kosma"]
[Black "Krstulovic, Alex"]
[Result "1-0"]
[ECO "D12"]
[WhiteElo "2332"]
[BlackElo "2252"]
[Annotator "ChessBase"]
[PlyCount "83"]
[EventDate "2017.??.??"]
[EventType "swiss"]
[EventCountry "POL"]
[SourceTitle "playchess.com"]
[Source "ChessBase"]
[SourceQuality "1"]
[TimeControl "40/5400+30:1800+30"]

1. d4 d5 2. c4 c6 3. Nf3 Nf6 4. e3 Bf5 5. Nc3 e6 6. Nh4 Be4 7. f3 Bg6 8. Qb3 Qb6 9. Nxg6 hxg6 10. g3 Bd6 11. Kf2 Nbd7 12. c5 Qxb3 13. axb3 Be7 14. b4 O-O 15. b5 cxb5 16. Bxb5 Rfc8 17. Bd2 a6 18. Bd3 Rcb8 19. b4 b5 20. Ra2 Ne8 21. e4 Bf6 22. e5 Be7 23. h4 Nc7 24. f4 Nf8 25. Be3 f6 26. g4 Kf7 27. Kg3 f5 28. h5 fxg4 29. hxg6+ Nxg6 30. f5 exf5 31. Bxf5 Rh8 32. Rah2 Rxh2 33. Rxh2 Nf8 34. Ra2 Nfe6 35. Bxg4 Rd8 36. Rf2+ Ke8 37. Rf1 g6 38. Rf2 Nf8 39. Ne2 Nce6 40. Rf1 Bg5 41. Rxf8+ Kxf8 42. Bxe6 1-0

[Event "XVII MetLife Najdorf Open 2017"]
[Site "Warsaw"]
[Date "2017.07.11"]
[Round "3.53"]
[White "Baskin, Robert"]
[Black "Yogesh, Gautam"]
[Result "1/2-1/2"]
[ECO "C02"]
[WhiteElo "2330"]
[BlackElo "2243"]
[Annotator "ChessBase"]
[PlyCount "131"]
[EventDate "2017.??.??"]
[EventType "swiss"]
[EventCountry "POL"]
[SourceTitle "playchess.com"]
[Source "ChessBase"]
[SourceQuality "1"]
[TimeControl "40/5400+30:1800+30"]

1. e4 e6 2. d4 d5 3. e5 c5 4. c3 Qb6 5. Nf3 Nc6 6. a3 Nh6 7. b4 cxd4 8. Bxh6 gxh6 9. cxd4 Bg7 10. Nc3 f6 11. exf6 Bxf6 12. Na4 Qc7 13. Bb5 O-O 14. Rc1 Qf4 15. Bxc6 bxc6 16. O-O Kh8 17. Re1 h5 18. Nc5 a5 19. Nd3 Qf5 20. Rxc6 axb4 21. axb4 Ra3 22. Qc1 Rxd3 23. Rxc8 Bxd4 24. Rxf8+ Qxf8 25. Nxd4 Rxd4 26. Qc3 Qxb4 27. Qc8+ Kg7 28. Qd7+ Kf8 29. Qxe6 Re4 30. Rxe4 dxe4 31. Qf5+ Kg7 32. h4 Qe1+ 33. Kh2 Qe2 34. Kg3 Kg8 35. Qe6+ Kg7 36. Qf5 Kg8 37. Qc8+ Kg7 38. Qe6 Kf8 39. Qh6+ Kg8 40. Qe6+ Kg7 41. Qe5+ Kg8 42. Qf6 Qg4+ 43. Kh2 Qe2 44. g3 Qf1 45. Qe6+ Kg7 46. Qe7+ Kg8 47. Qf6 Qe2 48. Kg2 Qg4 49. Qg5+ Kf7 50. Qd5+ Kg7 51. Kf1 Qf3 52. Qd4+ Kf7 53. Ke1 Ke6 54. Kd2 Kf5 55. Qd7+ Ke5 56. Qe7+ Kd5 57. Qg5+ Ke6 58. Qg8+ Ke5 59. Qe8+ Kd5 60. Qd7+ Ke5 61. Qe7+ Kd5 62. Qg5+ Ke6 63. Qe3 Qxe3+ 64. Kxe3 Ke5 65. f3 exf3 66. Kxf3 1/2-1/2

[Event "XVII MetLife Najdorf Open 2017"]
[Site "Warsaw"]
[Date "2017.07.11"]
[Round "3.54"]
[White "Khalafova, Narmin"]
[Black "Lewicki, Miroslaw"]
[Result "0-1"]
[ECO "B51"]
[WhiteElo "2224"]
[BlackElo "2323"]
[Annotator "ChessBase"]
[PlyCount "66"]
[EventDate "2017.??.??"]
[EventType "swiss"]
[EventCountry "POL"]
[SourceTitle "playchess.com"]
[Source "ChessBase"]
[SourceQuality "1"]
[TimeControl "40/5400+30:1800+30"]

1. e4 c5 2. Nf3 d6 3. Bb5+ Nd7 4. O-O a6 5. Bd3 Ngf6 6. c3 b5 7. Re1 Bb7 8. Bc2 c4 9. d4 cxd3 10. Qxd3 Nc5 11. Qe2 e5 12. Nbd2 Qc7 13. b4 Ne6 14. Bb2 Be7 15. a4 Qb6 16. axb5 axb5 17. Bd3 O-O 18. Bxb5 Rxa1 19. Rxa1 Nf4 20. Qf1 Nxe4 21. Nxe4 Bxe4 22. Ne1 Bxg2 23. Nxg2 Nh3+ 24. Kh1 Nxf2+ 25. Kg1 Nd3+ 26. Kh1 Qxb5 27. Rd1 e4 28. Nf4 Qc6 29. Nxd3 exd3+ 30. Qg2 Qc4 31. Qg3 Qe4+ 32. Kg1 Qe2 33. Qe1 Bh4 0-1

[Event "XVII MetLife Najdorf Open 2017"]
[Site "Warsaw"]
[Date "2017.07.11"]
[Round "3.55"]
[White "Schroeder, Kevin"]
[Black "Zochowski, Kacper"]
[Result "0-1"]
[ECO "C68"]
[WhiteElo "2321"]
[BlackElo "2240"]
[Annotator "ChessBase"]
[PlyCount "110"]
[EventDate "2017.??.??"]
[EventType "swiss"]
[EventCountry "POL"]
[SourceTitle "playchess.com"]
[Source "ChessBase"]
[SourceQuality "1"]
[TimeControl "40/5400+30:1800+30"]

1. e4 e5 2. Nf3 Nc6 3. Bb5 a6 4. Bxc6 dxc6 5. O-O f6 6. d4 Bg4 7. dxe5 Qxd1 8. Rxd1 fxe5 9. Rd3 Bd6 10. h3 Bh5 11. Nbd2 Nf6 12. b3 O-O-O 13. Bb2 Rhe8 14. Re1 Bb4 15. Ree3 Rxd3 16. cxd3 b5 17. g4 Bf7 18. Re2 Nd7 19. Nf1 Bd6 20. Rc2 Kb7 21. Ng3 g6 22. Kg2 Bg8 23. h4 Be6 24. g5 Rf8 25. d4 Bh3+ 26. Kxh3 Rxf3 27. Rd2 exd4 28. Bxd4 c5 29. Ba1 c4 30. bxc4 bxc4 31. Rc2 Be5 32. Bxe5 Nxe5 33. Kg2 Rf4 34. h5 Kb6 35. h6 Kc5 36. Rd2 c6 37. Rd8 Rf7 38. Ne2 Nd3 39. Nd4 Rxf2+ 40. Kg3 Rf7 41. Ne6+ Kb4 42. Rb8+ Kc3 43. Rg8 Ne5 44. Rg7 Kd3 45. Nf4+ Kxe4 46. Nxg6 Rf3+ 47. Kh2 Nxg6 48. Rxh7 Rf5 49. Rc7 Rxg5 50. Rxc6 Ne5 51. Rxa6 c3 52. Ra8 c2 53. Rc8 Kd3 54. h7 Rh5+ 55. Kg3 Rxh7 0-1

[Event "XVII MetLife Najdorf Open 2017"]
[Site "Warsaw"]
[Date "2017.07.11"]
[Round "3.56"]
[White "Mulet, Piotr"]
[Black "Kowalski, Igor"]
[Result "0-1"]
[ECO "C18"]
[WhiteElo "2307"]
[BlackElo "2226"]
[Annotator "ChessBase"]
[PlyCount "98"]
[EventDate "2017.??.??"]
[EventType "swiss"]
[EventCountry "POL"]
[SourceTitle "playchess.com"]
[Source "ChessBase"]
[SourceQuality "1"]
[TimeControl "40/5400+30:1800+30"]

1. e4 e6 2. d4 d5 3. Nc3 Bb4 4. e5 Ne7 5. a3 Bxc3+ 6. bxc3 c5 7. Qg4 Kf8 8. Bd2 Qc7 9. Bd3 Bd7 10. Nf3 c4 11. Be2 Ba4 12. Rc1 Nbc6 13. Ng5 h6 14. Nh3 Kg8 15. Nf4 Kh7 16. Nh5 Ng6 17. h4 Qe7 18. Rh3 Rhg8 19. Bg5 Qxa3 20. Kd2 b5 21. Bxh6 gxh6 22. Nf6+ Kh8 23. h5 Ngxe5 24. Qf4 Rg5 25. dxe5 Qf8 26. g4 Rd8 27. Qg3 d4 28. f4 Qa3 29. fxg5 dxc3+ 30. Ke3 Qxc1+ 31. Kf2 Qxg5 32. Ne4 Qxe5 33. Qe3 Qd4 34. Nxc3 Qxe3+ 35. Kxe3 Bxc2 36. Nxb5 Bd1 37. Bxc4 Bxg4 38. Rh4 Bf5 39. Be2 a5 40. Rc4 Nb4 41. Nd4 Bh7 42. Rc5 a4 43. Nb5 Nc2+ 44. Kf4 Nd4 45. Bc4 Nxb5 46. Bxb5 a3 47. Bc4 Kg7 48. Ke5 Rd1 49. Ra5 f6+ 0-1

[Event "XVII MetLife Najdorf Open 2017"]
[Site "Warsaw"]
[Date "2017.07.11"]
[Round "3.57"]
[White "Baltic, Fatih"]
[Black "Miroshnichenko, Pavel"]
[Result "0-1"]
[ECO "B06"]
[WhiteElo "2210"]
[BlackElo "2294"]
[Annotator "ChessBase"]
[PlyCount "66"]
[EventDate "2017.??.??"]
[EventType "swiss"]
[EventCountry "POL"]
[SourceTitle "playchess.com"]
[Source "ChessBase"]
[SourceQuality "1"]
[TimeControl "40/5400+30:1800+30"]

1. e4 g6 2. d4 Bg7 3. Nc3 d6 4. f4 a6 5. Nf3 b5 6. Bd3 Bb7 7. a4 b4 8. Ne2 Nd7 9. O-O c5 10. c3 Ngf6 11. e5 Nd5 12. e6 fxe6 13. Ng5 Nf8 14. Qc2 cxd4 15. c4 Ne3 16. Bxe3 dxe3 17. Nxh7 Nxh7 18. Bxg6+ Kd7 19. Bxh7 Qb6 20. Be4 Rab8 21. Rad1 b3 22. Qb1 Qc5 23. f5 Qe5 24. fxe6+ Kc7 25. Rf4 Rbf8 26. Rdf1 Qh5 27. h3 Qxe2 28. Bxb7 Rxf4 29. Rxf4 Kxb7 30. Qe4+ Kc7 31. c5 Qd1+ 32. Rf1 Qd4 33. cxd6+ Kxd6 0-1

[Event "XVII MetLife Najdorf Open 2017"]
[Site "Warsaw"]
[Date "2017.07.11"]
[Round "3.58"]
[White "Heinemann, Josefine"]
[Black "Szostko, Jakub"]
[Result "0-1"]
[ECO "B96"]
[WhiteElo "2294"]
[BlackElo "2208"]
[Annotator "ChessBase"]
[PlyCount "64"]
[EventDate "2017.??.??"]
[EventType "swiss"]
[EventCountry "POL"]
[SourceTitle "playchess.com"]
[Source "ChessBase"]
[SourceQuality "1"]
[TimeControl "40/5400+30:1800+30"]

1. e4 c5 2. Nf3 d6 3. d4 cxd4 4. Nxd4 Nf6 5. Nc3 a6 6. Bg5 e6 7. f4 h6 8. Bh4 Qb6 9. a3 Be7 10. Bf2 Qc7 11. Qf3 Nbd7 12. O-O-O b5 13. g4 Bb7 14. h4 Nc5 15. Bd3 Nfd7 16. g5 O-O-O 17. b4 hxg5 18. bxc5 dxc5 19. Ndxb5 axb5 20. Nxb5 Qxf4+ 21. Qxf4 gxf4 22. Be1 Ne5 23. Bd2 Rxd3 24. cxd3 Nxd3+ 25. Kc2 Nf2 26. Bxf4 Bxe4+ 27. Kb2 Bxh1 28. Na7+ Kb7 29. Rd7+ Ka6 30. Rxe7 Nd3+ 31. Kc3 Nxf4 32. Rxf7 Ra8 0-1

[Event "XVII MetLife Najdorf Open 2017"]
[Site "Warsaw"]
[Date "2017.07.11"]
[Round "3.59"]
[White "Niekras, Dawid"]
[Black "Jaroch, Karol"]
[Result "0-1"]
[ECO "C18"]
[WhiteElo "2291"]
[BlackElo "2207"]
[Annotator "ChessBase"]
[PlyCount "136"]
[EventDate "2017.??.??"]
[EventType "swiss"]
[EventCountry "POL"]
[SourceTitle "playchess.com"]
[Source "ChessBase"]
[SourceQuality "1"]
[TimeControl "40/5400+30:1800+30"]

1. e4 e6 2. d4 d5 3. Nc3 Bb4 4. e5 c5 5. a3 Bxc3+ 6. bxc3 Ne7 7. h4 Nbc6 8. h5 h6 9. Qg4 Qa5 10. Bd2 Rg8 11. Bd3 Nf5 12. Qf4 c4 13. Be2 Bd7 14. Nf3 O-O-O 15. g4 Nfe7 16. Nh4 Qa4 17. Bd1 Rdf8 18. Rg1 f6 19. Qg3 fxe5 20. dxe5 Qb5 21. Nf3 Qb2 22. Rc1 Qxa3 23. Nd4 Nxd4 24. cxd4 Qxg3 25. Rxg3 Nc6 26. c3 b5 27. Rb1 b4 28. Ba4 b3 29. Bxc6 Bxc6 30. Bc1 a5 31. f3 a4 32. Ba3 Rf7 33. Ke2 Be8 34. Rh3 Rb7 35. Bb2 g6 36. hxg6 a3 37. Bxa3 Bxg6 38. Ra1 b2 39. Bxb2 Rxb2+ 40. Ke3 Rh8 41. Ra8+ Rb8 42. Ra6 Kd7 43. Ra7+ Ke8 44. Rg7 Bd3 45. Rxh6 Rxh6 46. Rg8+ Kf7 47. Rxb8 Bh7 48. Rb7+ Kg6 49. Re7 Bg8 50. Kf4 Rh2 51. Ra7 Rc2 52. Ra3 Rd2 53. Ra8 Bh7 54. Ra6 Bg8 55. Ra8 Bf7 56. Ra7 Rd3 57. Ra3 Kh6 58. Kg3 Kg5 59. Ra7 Bg6 60. Re7 Be4 61. Rg7+ Kh6 62. Re7 Rxf3+ 63. Kh4 Rxc3 64. Rxe6+ Kg7 65. Kg5 Rf3 66. Rc6 c3 67. e6 Kf8 68. Ra6 Rf1 0-1

[Event "XVII MetLife Najdorf Open 2017"]
[Site "Warsaw"]
[Date "2017.07.11"]
[Round "3.60"]
[White "Siekanski, Janusz"]
[Black "Kubicka, Anna"]
[Result "0-1"]
[ECO "E71"]
[WhiteElo "2287"]
[BlackElo "2152"]
[Annotator "ChessBase"]
[PlyCount "112"]
[EventDate "2017.??.??"]
[EventType "swiss"]
[EventCountry "POL"]
[SourceTitle "playchess.com"]
[Source "ChessBase"]
[SourceQuality "1"]
[TimeControl "40/5400+30:1800+30"]

1. d4 Nf6 2. c4 g6 3. Nc3 Bg7 4. e4 d6 5. h3 O-O 6. Be3 e5 7. d5 c6 8. Nf3 Na6 9. Nd2 Ne8 10. g4 f5 11. gxf5 gxf5 12. exf5 Bxf5 13. Nde4 Kh8 14. Ng3 Bg6 15. h4 Nb4 16. Rc1 cxd5 17. cxd5 Qa5 18. Qd2 Nc7 19. h5 Bf7 20. h6 Bf6 21. Bg5 Bg6 22. Bxf6+ Rxf6 23. Nce4 Rf4 24. Rc4 Ncxd5 25. Nxd6 Qxa2 26. Rc1 Raf8 27. Be2 Rxf2 28. Nge4 Rxe2+ 29. Qxe2 Nf4 30. Qc4 Nfd3+ 31. Kd2 Nxc1 32. Qxb4 Nb3+ 33. Ke3 Qxb2 34. Rd1 Qg2 35. Nf7+ Kg8 36. Nf6+ Kxf7 37. Rd7+ Kxf6 38. Qxf8+ Kg5 39. Qe7+ Kg4 40. Qe6+ Kh4 41. Qf6+ Qg5+ 42. Qxg5+ Kxg5 43. Rxb7 Nc5 44. Rxa7 Kxh6 45. Ra1 Nd3 46. Rh1+ Kg7 47. Rg1 h5 48. Rh1 Kh6 49. Rh2 Bf5 50. Rh1 Nf4 51. Rg1 h4 52. Rg8 Ng6 53. Kf3 Kg5 54. Rb8 e4+ 55. Kg2 Kf4 56. Rb4 h3+ 0-1